 Dungeon Crawl Stone Soup version 0.26-a0-259-g1effd001a9 (webtiles) character file.

Game seed: 7487800100503716930

35 drasked the Ogre Mage (level 3, -5/31 HPs)
             Began as an Ogre Hedge Wizard on July 27, 2020.
             Slain by Sigmund
             ... wielding a +0 scythe
              (10 damage)
             ... on level 2 of the Dungeon.
             The game lasted 00:04:40 (1392 turns).

drasked the Ogre Mage (Ogre Hedge Wizard)           Turns: 1392, Time: 00:04:41

Health: -5/31      AC:  4    Str: 15    XL:     3   Next: 33%
Magic:  2/8        EV: 10    Int: 15    God:
Gold:   56         SH:  0    Dex:  8    Spells: 8/9 levels left

rFire    . . .     SeeInvis .   g - +0 mace
rCold    . . .     Faith    .   (no shield)
rNeg     . . .     Spirit   .   b - +0 robe
rPois    .         Reflect  .   c - +0 hat
rElec    .         Harm     .   h - +0 cloak
rCorr    .                      (gloves unavailable)
MR       .....                  (boots unavailable)
Stlth    +.........             (no amulet)
HPRegen  0.10/turn              (no ring)
MPRegen  0.11/turn              (no ring)

@: no status effects
A: large, unfitting armour, tough skin 1
a: no special abilities


You were on level 2 of the Dungeon.
You were not hungry.

You visited 1 branch of the dungeon, and saw 2 of its levels.

You collected 56 gold pieces.

Inventory:

Hand Weapons
 g - a +0 mace (weapon)
   (You found it on level 1 of the Dungeon)
Missiles
 Q - 21 stones (quivered)
Armour
 b - a +0 robe (worn)
 c - a +0 hat (worn)
 h - a +0 cloak (worn)
   (You found it on level 1 of the Dungeon)
Jewellery
 n - an uncursed amulet of faith {unknown}
   (You found it on level 2 of the Dungeon)
Scrolls
 a - 2 scrolls of teleportation {unknown}
 i - 3 scrolls of identify {unknown}
 j - a scroll of magic mapping {unknown}
 l - a scroll of amnesia {unknown}
 o - a scroll of random uselessness {unknown}
 q - a scroll of remove curse {unknown}
Potions
 d - a potion of might {unknown}
 f - 2 potions of berserk rage {unknown}
 p - a potion of haste {unknown}
Comestibles
 e - 3 rations


   Skills:
 - Level 1.7 Dodging
 - Level 1.4 Stealth
 - Level 3.6 Spellcasting
 + Level 2.9 Conjurations
   Level 0.8 Summonings
   Level 0.8 Translocations


You had 8 spell levels left.
You knew the following spells:

 Your Spells              Type           Power        Failure   Level
a - Magic Dart            Conj           ##..         6%          1

Your spell library contained the following spells:

 Spells                   Type           Power        Failure   Level
 Blink                    Tloc           N/A          21%         2
 Call Imp                 Summ           #.......     21%         2
 Slow                     Hex            #.......     28%         2
 Conjure Flame            Conj/Fire      #.......     30%         3
 Mephitic Cloud           Conj/Pois/Air  #.......     36%         3


Dungeon Overview and Level Annotations

Branches:
Dungeon (2/15)

Altars:
Elyvilon
Fedhas
Nemelex Xobeh
Trog
Zin

Annotations:
D:2 Sigmund


Innate Abilities, Weirdness & Mutations

You are too large for most types of armour.
You have tough skin. (AC +1)


Message History

Aim: a dart slug (wandering, hasn't noticed you)
You throw a stone.
The stone hits the dart slug but does no damage.
Throwing (i - inventory. (/) - cycle)
Q - 27 stones (quivered)
Aim: a dart slug You throw a stone.
The stone hits the dart slug.
Throwing (i - inventory. (/) - cycle)
Q - 26 stones (quivered)
Aim: a dart slug (lightly wounded)
You throw a stone.
The stone completely misses the dart slug.
Throwing (i - inventory. (/) - cycle)
Q - 25 stones (quivered)
Aim: a dart slug (lightly wounded)
You throw a stone. The stone hits the dart slug.
Throwing (i - inventory. (/) - cycle)
Q - 24 stones (quivered)
Aim: a dart slug (moderately wounded)
You throw a stone. The stone hits the dart slug.
Throwing (i - inventory. (/) - cycle)
Q - 23 stones (quivered)
Aim: a dart slug (heavily wounded)
You throw a stone.
The stone hits the dart slug but does no damage.
Aim: a dart slug (heavily wounded)
The magic dart hits the dart slug.
Sigmund shouts!
Aim: a dart slug (almost dead)
The magic dart hits the dart slug.
You kill the dart slug!
Quiver which item? (- for none, * to show all) (? for menu, Esc to quit)
Okay, then.
Aim: Sigmund, wielding a +0 scythe and wearing a cursed +0 robe The magic dart hits Sigmund.
Sigmund points at you and mumbles some strange words.
You are confused.
You're too confused to cast spells.
You're too confused to move!
Sigmund barely misses you.
Sigmund hits you from afar with a +0 scythe.
You feel less confused. Sigmund closely misses you.
Quiver which item? (- for none, * to show all) (? for menu, Esc to quit)
Quivering
k - a throwing net {=f, !d=f} for throwing.
Throwing (i - inventory. (/) - cycle)
k - a throwing net (quivered)
{=f, !d=f}
Aim: Sigmund, wielding a +0 scythe and wearing a cursed +0 robe (lightly wounded)
You throw a throwing net {=f, !d=f}.
The throwing net {=f, !d=f} closely misses Sigmund.
Sigmund barely misses you.
Throwing (i - inventory)
Q - 22 stones (quivered)
Aim: Sigmund, wielding a +0 scythe and wearing a cursed +0 robe (lightly wounded)
You throw a stone. The stone closely misses Sigmund.
Sigmund casts a spell.
Sigmund flickers and vanishes!
Deactivating autopickup; reactivate with Ctrl-A.
You see here a goblin corpse.
You see here a goblin corpse.
You see here a goblin corpse.
A puff of flame appears from out of thin air!
The puff of flame hits you.
You see here a goblin corpse.
Aim: Sigmund, wielding a +0 scythe and wearing a cursed +0 robe (lightly wounded)
The magic dart hits Sigmund.
Aim: Sigmund, wielding a +0 scythe and wearing a cursed +0 robe (lightly wounded)
The magic dart hits Sigmund but does no damage.
Sigmund gestures wildly while chanting.
Sigmund flickers and vanishes!
You see here a goblin corpse.
You see here a goblin corpse.
You see here a goblin corpse.
You see here a goblin corpse.
Aim: Sigmund, wielding a +0 scythe and wearing a cursed +0 robe The magic dart hits Sigmund but does no damage.
Aim: Sigmund, wielding a +0 scythe and wearing a cursed +0 robe The magic dart hits Sigmund.
Sigmund hits you but does no damage.
Aim: Sigmund, wielding a +0 scythe and wearing a cursed +0 robe (lightly wounded)
The magic dart hits Sigmund.
Aim: Sigmund, wielding a +0 scythe and wearing a cursed +0 robe (lightly wounded)
The magic dart hits Sigmund.
Sigmund misses you.
Aim: Sigmund, wielding a +0 scythe and wearing a cursed +0 robe (moderately wounded)
The magic dart hits Sigmund.
Sigmund casts a spell at you. The magic dart hits you!
Aim: Sigmund, wielding a +0 scythe and wearing a cursed +0 robe (moderately wounded)
The magic dart hits Sigmund but does no damage.
* * * LOW MAGIC WARNING * * *
Sigmund misses you.
Aim: Sigmund, wielding a +0 scythe and wearing a cursed +0 robe (moderately wounded)
The magic dart hits Sigmund but does no damage.
* * * LOW MAGIC WARNING * * *
Sigmund closely misses you.
You hit Sigmund.
Sigmund casts a spell.
Sigmund flickers and vanishes!
You barely miss something. Something hits you but does no damage.
You miss something. Something hits you!
* * * LOW HITPOINT WARNING * * *
You closely miss something. Something hits you but does no damage.
You barely miss something. Something hits you!
* * * LOW HITPOINT WARNING * * *
You barely miss something. Something hits you.
* * * LOW HITPOINT WARNING * * *
Something hits you!
You die...

.....#.# ...._..._....(..
####.#.# #.........((.$.
...#.#.########....8.._.(..
..................)...)(..
######.#######.#._...).###
...)...##....#.#..._.....#
#######....#.#.#.@.......####
### #........###.#..(......
..# #....#..{.@..##.###....
..# ###############(# ... ..#
########.# .. ..# #........#
. ..# #.######## ..# #. ..#
.( ..# ... ..# @(..


There were no monsters in sight!

Levels and vault maps discovered:
D:1:      heliophobic_arrival_battle_scene, layout_loops_cross,
          minmay_misc_feat_five
D:2:      layout_basic, nicolae_overflow_crystal_walls,
          grunt_temple_overflow_open, uniq_sigmund

Notes
Turn   | Place    | Note
-------+----------+-------------------------------------------
     0 | D:1      | drasked the Ogre Hedge Wizard began the quest for the Orb.
     0 | D:1      | Reached XP level 1. HP: 16/16 MP: 5/5
    41 | D:1      | Reached skill level 1 in Conjurations
    50 | D:1      | Identified a +0 mace (You found it on level 1 of the
                  | Dungeon)
    93 | D:1      | Identified a cursed +0 dagger
   248 | D:1      | Reached XP level 2. HP: 24/24 MP: 4/6
   525 | D:1      | Identified a +0 club
   528 | D:1      | Reached skill level 2 in Conjurations
   787 | D:1      | Identified a +0 short sword
   833 | D:1      | Identified a +0 cloak (You found it on level 1 of the
                  | Dungeon)
   867 | D:2      | Identified a +0 club
  1127 | D:2      | Identified a +0 club
  1130 | D:2      | Identified a +0 dagger
  1131 | D:2      | Reached XP level 3. HP: 31/31 MP: 2/8
  1224 | D:2      | Found a bloodstained altar of Trog.
  1224 | D:2      | Found a white marble altar of Elyvilon.
  1225 | D:2      | Found a blossoming altar of Fedhas.
  1225 | D:2      | Found a sparkling altar of Nemelex Xobeh.
  1225 | D:2      | Found a glowing silver altar of Zin.
  1238 | D:2      | Identified a +0 scythe
  1238 | D:2      | Identified a cursed +0 robe
  1238 | D:2      | Noticed Sigmund
  1245 | D:2      | Identified a +0 short sword
  1249 | D:2      | Identified a +0 dagger
  1251 | D:2      | Identified a +0 club
  1391 | D:2      | HP: 4/31 [something (5)]
  1392 | D:2      | Slain by Sigmund

Table legend:
 A = Turns spent in this place as a percentage of turns spent in the entire game.
 B = Non-inter-level travel turns spent in this place as a percentage of non-inter-level travel turns spent in the entire game.
 C = Inter-level travel turns spent in this place as a percentage of turns spent in this place.
 D = Turns resting spent in this place as a percentage of non-inter-level travel turns spent in this place.
 E = Turns spent auto-exploring this place as a percentage of non-inter-level travel turns spent in this place.
 F = Non-inter-level travel turns spent in this place divided by the number of levels of this place that you've seen.
                   A       B       C       D       E      F
               +-------+-------+-------+-------+-------+----------------------
         Total | 100.0 | 100.0 |   2.3 |  36.4 |  42.5 | 680.0
       Dungeon | 100.0 | 100.0 |   2.3 |  36.4 |  42.5 | 680.0
               +-------+-------+-------+-------+-------+----------------------

Table legend:
 A = Kills in this place as a percentage of kills in entire the game.
 B = Kills by you in this place as a percentage of kills by you in the entire game.
 C = Kills by friends in this place as a percentage of kills by friends in the entire game.
 D = Other kills in this place as a percentage of other kills in the entire game.
 E = Experience gained in this place as a percentage of experience gained in the entire game.
 F = Experience gained in this place divided by the number of levels of this place that you have seen.
                   A       B       C       D       E      F
               +-------+-------+-------+-------+-------+----------------------
         Total | 100.0 | 100.0 |   N/A |   N/A | 100.0 |  25.0
       Dungeon | 100.0 | 100.0 |   N/A |   N/A | 100.0 |  25.0
               +-------+-------+-------+-------+-------+----------------------

Skill      XL: |  1  2 |
---------------+-------+-----
Conjurations   | 1 2 |  2.9
Dodging        | |  1.7
Stealth        | |  1.4
Spellcasting   | |  3.6
Summonings     | |  0.8
Translocations | |  0.8

Action                   || total
-------------------------++-------
Melee: Mace              ||    24
Throw: Javelin           ||    16
       Stone             ||     9
       Throwing net      ||     1
 Cast: Magic Dart        ||    57
  Eat: Ration            ||     1
Armor: Robe              ||    12
Dodge: Dodged            ||    21

Vanquished Creatures
  A worm (D:2)
  A dart slug (D:2)
  3 giant cockroaches (D:2)
  7 goblins
  4 hobgoblins
  A bat (D:1)
  2 frilled lizards (D:1)
  2 kobolds
  8 rats
29 creatures vanquished.
